 Dungeon Crawl Stone Soup version 0.30-a0-723-gc1506a1cf0 (webtiles) character file.

Game seed: 9916354651465014828

112 jimonade the Shooter (level 4, -3/39 HPs)
             Began as a Naga Hunter on Jan 28, 2023.
             Slain by a gnoll
             ... wielding a +0 club
              (6 damage)
             ... on level 3 of the Dungeon.
             The game lasted 00:03:12 (1611 turns).

jimonade the Shooter (Naga Hunter)                  Turns: 1611, Time: 00:03:13

Health: -3/39      AC:  3    Str: 14    XL:     4   Next: 95%
Magic:  4/4        EV:  9    Int:  9    God:
Gold:   115        SH:  0    Dex: 16    Spells: 3/3 levels left

rFire   . . .      SeeInvis +    a - +0 shortbow
rCold   . . .      Faith    .    (shield currently unavailable)
rNeg    . . .      Spirit   .    c - +0 leather armour
rPois   +          Reflect  .    j - +0 helmet
rElec   .          Harm     .    (no cloak)
rCorr   .          Rampage  .    (no gloves)
Will    .....                    (no barding)
Stlth   ++                       (no amulet)
HPRegen 0.26/turn                (no ring)
MPRegen 0.09/turn                (no ring)

@: short of breath, very slow
A: AC +1, large, see invisible, deformed body, poison resistance, slowness 2,
spit poison 1, naga tail 1
a: Spit Poison


You were on level 3 of the Dungeon.
You visited 1 branch of the dungeon, and saw 3 of its levels.

You collected 115 gold pieces.

Inventory:

Hand Weapons
 a - a +0 shortbow (weapon)
 b - a +3 whip
Armour
 c - a +0 leather armour (worn)
 j - a +0 helmet (worn)
Magical Staves
 i - a staff of conjuration
Scrolls
 d - 6 scrolls of identify
 e - 2 scrolls of fog
 f - a scroll of torment
 g - a scroll of silence
 h - a scroll of immolation
 k - a scroll of magic mapping
 l - a scroll of blinking {unknown}


   Skills:
 - Level 2.0 Fighting
 + Level 5.5 Ranged Weapons
 - Level 1.5 Dodging
 - Level 1.5 Stealth


You had 3 spell levels left.
You didn't know any spells.
Your spell library contained the following spells:

 Spells                   Type           Power      Damage    Failure   Level
 Beastly Appendage        Tmut           0%         N/A       45%         1
 Wereblood                Tmut           0%         N/A       61%         2
 Spider Form              Tmut/Pois      0%         N/A       83%         3


Dungeon Overview and Level Annotations

Branches:
Dungeon (3/15)

Altars:
Kikubaaqudgha


Innate Abilities, Weirdness & Mutations

Your serpentine skin is tough. (AC +1)
You have supernaturally acute eyesight. (SInv)
Armour fits poorly on your strangely shaped body.
Your system is resistant to poisons. (rPois)
You cover ground very slowly.
You can spit poison.
You have a snake-like lower body.


Message History

No target in view!
No target in view!
An orc priest and 3 orcs come into view.
The orc shouts!
The orc priest shouts!
The orc moves out of view.
You shoot an arrow. The arrow hits the orc.
The orc is moderately wounded.
The orc priest calls down the wrath of Beogh upon you.
Beogh smites you! The orc barely misses you.
An orc comes into view. It is wielding a +0 hand axe.
The orc priest mumbles some strange prayers to Beogh against you.
Beogh smites you! The orc hits you but does no damage.
A gnoll comes into view. It is wielding a +0 club.
A gnoll comes into view. It is wielding a +0 club.
The gnoll shouts!
You hear a shout!
The orc priest looks satisfied for a moment.
The orc barely misses you.
You are too injured to fight recklessly!
You are too injured to fight recklessly!
Aiming: Spit Poison (1% risk of failure)
Press: ? - help, Q - select action, (/) - cycle Shift-Dir - straight line, f/p - orc
Aim: an orc, wielding a +0 short sword (moderately wounded, 59% to hit)
The splash of poison hits the orc.
You kill the orc!
The gnoll attacks as you move away! The gnoll hits you with a +0 club!
* * * LOW HITPOINT WARNING * * *
The gnoll hits you with a +0 club.
* * * LOW HITPOINT WARNING * * *
You can't do that yet.
You have got your breath back.
The gnoll hits you with a +0 club.
* * * LOW HITPOINT WARNING * * *
Unknown command.
Aiming: Spit Poison (1% risk of failure)
Press: ? - help, Q - select action, (/) - cycle Shift-Dir - straight line, f - gnoll
Aim: a gnoll, wielding a +0 club (65% to hit)
The splash of poison hits the gnoll but does no damage.
The gnoll is poisoned.
The gnoll hits you with a +0 club.
You die...

#......##....#.#
#......####....#
#.........#.####
#......##.#.# .
..#.###.##.#.#
....#.#...##.#.#
....#.#.# ##.#.##
#.....#.####....#
#.gog@.....#
#.o#######.# #..o
.# ...o#o ##
........ ###....
.. .)... o.#
.#..... .#


You could see 2 gnolls and 2 orcs.

Vanquished Creatures
  4 gnolls (D:2)
  3 adders
  A worm (D:2)
  2 dart slugs (D:2)
  An orc (D:3)
  5 bats
  2 endoplasms
  2 giant cockroaches (D:2)
  4 goblins
  4 hobgoblins (D:2)
  3 kobolds
  2 quokkas (D:1)
  4 ball pythons
  2 frilled lizards (D:2)
  A rat (D:1)
40 creatures vanquished.

Vanquished Creatures (others)
  17 plants (D:2)
17 creatures vanquished.

Grand Total: 57 creatures vanquished

Notes
Turn   | Place    | Note
-------+----------+-------------------------------------------
     0 | D:1      | jimonade the Naga Hunter began the quest for the Orb.
     0 | D:1      | Reached XP level 1. HP: 19/19 MP: 1/1
   130 | D:1      | Reached skill level 4 in Ranged Weapons
   130 | D:1      | Reached XP level 2. HP: 26/26 MP: 2/2
   824 | D:2      | Reached XP level 3. HP: 27/32 MP: 3/3
   985 | D:2      | Found an ancient bone altar of Kikubaaqudgha.
  1149 | D:2      | Reached skill level 5 in Ranged Weapons
  1149 | D:2      | Reached XP level 4. HP: 39/39 MP: 4/4
  1611 | D:3      | Slain by a gnoll

Illustrated notes

Levels and vault maps discovered:
D:1:      dpeg_arrival_another_circle, layout_loops_cross,
          hangedman_abyss_or_decor_lesser_grid
D:2:      layout_rooms, basic_altar, nicolae_grassy_gnolls
D:3:      layout_basic, gammafunk_temple_overflow_claw, serial_glass,
          glass_columns_c, glass_columns_c

Skill      XL: |  1  2  3 |
---------------+----------+-----
Ranged Weapons | 4 5 |  5.5
Fighting       | |  2.0
Dodging        | |  1.5
Stealth        | |  1.5

Action                     |  1- 3 |  4- 6 || total
---------------------------+-------+-------++-------
   Fire: Shortbow          |    73 |    36 ||   109
Ability: Spit Poison       |     2 |     2 ||     4
    Use: Scroll            |       |     4 ||     4
 Armour: Leather armour    |    20 |     2 ||    22
  Dodge: Dodged            |    11 |     7 ||    18

Table legend: (Time is in decaauts)
 A = Elapsed time spent in this place.
 B = Non-inter-level travel time spent in this place.
 C = Inter-level travel time spent in this place.
 D = Time resting spent in this place.
 E = Time spent auto-exploring this place.
 F = Levels seen in this place.
 G = Mean time per level.
                   A        B        C        D        E       F      G
               +--------+--------+--------+--------+--------+-----+--------+
         Total |   2121 |   1979 |    142 |    172 |   1481 |   3 |  707.0 |
       Dungeon |   2121 |   1979 |    142 |    172 |   1481 |   3 |  707.0 |
               +--------+--------+--------+--------+--------+-----+--------+

Top non-repeatable levels by time:
     D:1: 1091 daAuts
     D:2: 969 daAuts
     D:3: 60 daAuts
